 Dungeon Crawl Stone Soup version 0.23.2-1-ga50397a (webtiles) character file.

Game seed: 12574510793218080487

8950 Larmestyx the Grappler (level 11, -4/104 (105) HPs)
             Began as a Troll Arcane Marksman on May 22, 2019.
             Was an Elder of Elyvilon.
             Slain by a wolf (6 damage)
             ... on level 2 of the Lair of Beasts.
             The game lasted 01:20:14 (8022 turns).

Larmestyx the Grappler (Troll Arcane Marksman)      Turns: 8022, Time: 01:20:14

HP:   -4/104 (105)  AC:  7    Str: 20    XL:     11   Next: 16%
MP:   13/13         EV: 12    Int: 12    God:    Elyvilon [****..]
Gold: 696           SH:  0    Dex: 10    Spells: 11/12 levels left

rFire    + . .     SeeInvis .     - Unarmed
rCold    x . .     Gourm    +   (no shield)
rNeg     . . .     Faith    .   a - +0 robe
rPois    .         Spirit   .   x - +1 hat
rElec    .         Reflect  .   (no cloak)
rCorr    +         Harm     .   (gloves unavailable)
MR       .....                  (boots unavailable)
Stlth    +.........             m - amulet of regeneration
HPRegen  1.07/turn              o - ring of resist corrosion
MPRegen  0.13/turn              O - ring of fire

@: no status effects
A: large, unfitting armour, claws 3, fast metabolism 3, gourmand, regeneration
1, shaggy fur 1, tough skin 3
a: Lesser Healing, Heal Other, Purification, Greater Healing, Divine Protection,
Renounce Religion


You were on level 2 of the Lair of Beasts.
You worshipped Elyvilon.
Elyvilon was greatly pleased with you.
You were very full.

You visited 3 branches of the dungeon, and saw 11 of its levels.

You collected 696 gold pieces.

Inventory:

Hand Weapons
 s - a +3 hunting sling of flaming
 C - the +5 bardiche "Acrum" {chop, Dex+7, unknown}
   (You found it on level 7 of the Dungeon)

   It inflicts extra damage upon your enemies.
   It affects your dexterity (+7).
Missiles
 c - 4 large rocks (quivered)
 d - 3 throwing nets
 n - 175 stones
 t - 45 sling bullets
Armour
 a - a +0 robe (worn)
 x - a +1 hat (worn)
Jewellery
 m - an amulet of regeneration (around neck)
 o - a ring of resist corrosion (left claw)
 w - an uncursed ring of magical power
 B - an uncursed ring of see invisible
 E - a +2 ring of dexterity
 O - a ring of fire (right claw)
Wands
 y - a wand of acid (6)
 G - a wand of paralysis (12)
 L - a wand of digging (7)
 N - a wand of iceblast (7)
Scrolls
 e - 4 scrolls of identify
 g - 3 scrolls of enchant armour {unknown}
 i - 2 scrolls of enchant weapon
 k - 3 scrolls of remove curse
 l - 2 scrolls of teleportation
 r - 2 scrolls of fog {unknown}
 F - 2 scrolls of magic mapping {unknown}
 H - a scroll of amnesia {unknown}
 I - a scroll of random uselessness {unknown}
 K - 2 scrolls of noise {unknown}
 M - a scroll of acquirement {unknown}
 P - a scroll of vulnerability {unknown}
Potions
 b - 6 potions of curing
 h - a potion of agility
 j - a potion of cancellation {unknown}
 p - 2 potions of magic {unknown}
 q - a potion of berserk rage {unknown}
 u - 5 potions of might
 v - 3 potions of flight {unknown}
 z - 2 potions of lignification {unknown}
 A - a potion of haste {unknown}
 D - a potion of brilliance {unknown}
Comestibles
 f - 22 rations


   Skills:
 + Level 5.8 Fighting
 - Level 1.7 Throwing
 + Level 6.0 Dodging
 * Level 12.8 Unarmed Combat
 - Level 1.0 Spellcasting
 - Level 2.0 Hexes
 * Level 5.1 Invocations


You had 11 spell levels left.
You knew the following spells:

 Your Spells              Type           Power        Failure   Level  Hunger
a - Corona                Hex            #......      13%         1    ##.....

Your spell library contained the following spells:

 Spells                   Type           Power        Failure   Level  Hunger
 Slow                     Hex            #.......     21%         2    ###....
 Animate Skeleton         Necr           N/A          30%         1    ##.....
 Pain                     Necr           #...         30%         1    ##.....
 Summon Small Mammal      Summ           #...         30%         1    ##.....
 Call Imp                 Summ           #.......     41%         2    ###....
 Inner Flame              Hex/Fire       #.......     52%         3    ####...
 Portal Projectile        Hex/Tloc       #.....       52%         3    ####...
 Summon Guardian Golem    Hex/Summ       #.......     52%         3    ####...
 Call Canine Familiar     Summ           #.......     65%         3    ####...
 Regeneration             Chrm/Necr      #.........   65%         3    ####...
 Vampiric Draining        Necr           #.........   65%         3    ####...
 Cause Fear               Hex            #.........   78%         4    #####..
 Leda's Liquefaction      Hex/Erth       #.........   89%         4    #####..
 Animate Dead             Necr           N/A          96%         4    #####..
 Summon Ice Beast         Ice/Summ       #.......     96%         4    #####..
 Summon Lightning Spire   Summ/Air       #.......     96%         4    #####..


Dungeon Overview and Level Annotations

Branches:
Dungeon (8/15)             Temple (1/1) D:4            Lair (2/6) D:8
  Swamp: Lair:2-4    Shoals: Lair:2-4     Snake: Lair:2-4    Spider: Lair:2-4

Altars:
Ashenzari
Cheibriados
Dithmenos
Elyvilon
Fedhas
Gozag
Hepliaklqana
Kikubaaqudgha
Makhleb
Nemelex Xobeh
Okawaru
Qazlal
Sif Muna
Trog
Uskayaw
Vehumet
Wu Jian
Xom
Zin
The Shining One

Shops:
D:4 %   D:5 [


Innate Abilities, Weirdness & Mutations

You are too large for most types of armour.
You have claws for hands.
Your metabolism is lightning-fast.
You like to eat raw meat.
Your natural rate of healing is unusually fast.
You are covered in fur. (AC +1)
You have extremely tough skin. (AC +3)


Message History

Your surroundings suddenly seem different.
A wolf comes into view. x2
Found 11 bolts and 13 stones.
You feel yourself speed up.
Really attack the wolf while asking for your life to be spared?
This attack would place you under penance! [Y]es or [N]o only, please.
Really attack the wolf while asking for your life to be spared?
This attack would place you under penance!
Okay, then.
Your divine protection fades away.
The wolf closely misses you. The wolf bites you but does no damage.
The wolf bites you.
* * * LOW HITPOINT WARNING * * *
The wolf bites you.
* * * LOW HITPOINT WARNING * * *
There is a stone staircase leading up here.
The wolf bites you!
* * * LOW HITPOINT WARNING * * *
The wolf bites you.
You die...

### ### ###P# P# # ##.## #.#..
...#.### ####...### ##...
.....#.## ##..^.....## #....
.......P# ###.........P###....
........# #.............###...
........#### #.h@...........##...
..........P###.............##.#..
...........##...............####.
......#P#......P...........###P..
.....####.....##............##...
...## #....P#.#....F......#....
... #......###P..........#.... ..
........#####..............
...........##.............#.


You could see a wolf and a bullfrog (wandering).

Vanquished Creatures
  Harold (D:7)
  3 spiny frogs
  3 blink frogs (Lair:2)
  A hippogriff (D:8)
  22 yaks
  A hungry ghost (D:8)
  2 basilisks (Lair:1)
  2 water moccasins
  2 porcupines (Lair:2)
  2 ice beasts
  A necrophage (D:8)
  4 ogres
  A phantom (D:4)
  4 crocodiles
  4 wolves (Lair:1)
  2 centaurs
  A bullfrog (D:7)
  A scorpion (D:5)
  4 wights (D:8)
  2 electric eels (Lair:1)
  A howler monkey (D:6)
  3 crimson imps (D:5)
  2 hounds
  A jelly (D:7)
  2 orc priests
  2 iguanas
  11 worker ants
  Natasha (twice) (D:2)
  A hound zombie (D:5)
  A hound skeleton (D:5)
  3 gnolls (D:4)
  7 adders
  2 oozes
  An adder skeleton (D:5)
  A worm (D:2)
  A dart slug (D:3)
  7 leopard geckos
  19 orcs
  4 giant cockroaches
  8 goblins
  5 hobgoblins
  21 jackals
  7 quokkas
  3 ball pythons
  9 bats
  5 frilled lizards
  5 kobolds
  A quokka skeleton (D:8)
  3 rats
  A bush (D:5)
202 creatures vanquished.

Vanquished Creatures (others)
  A fungus (Lair:2)
1 creature vanquished.

Grand Total: 203 creatures vanquished

Notes
Turn   | Place    | Note
-------+----------+-------------------------------------------
     0 | D:1      | Larmestyx the Troll Arcane Marksman began the quest for the
                  | Orb.
     0 | D:1      | Reached XP level 1. HP: 18/18 MP: 1/1
    58 | D:1      | Reached skill level 1 in Unarmed Combat
    89 | D:1      | Reached XP level 2. HP: 26/26 MP: 2/2
   124 | D:1      | Reached skill level 2 in Unarmed Combat
   313 | D:1      | Reached XP level 3. HP: 27/32 MP: 3/3
   467 | D:2      | Reached skill level 3 in Unarmed Combat
   767 | D:2      | Found an iron altar of Okawaru.
   796 | D:2      | Reached XP level 4. HP: 40/40 MP: 4/4
   848 | D:2      | Reached skill level 4 in Unarmed Combat
   858 | D:2      | Found a faded altar of an unknown god.
  1158 | D:2      | Noticed Natasha
  1169 | D:2      | Killed Natasha
  1169 | D:2      | Reached XP level 5. HP: 29/46 MP: 5/5
  1191 | D:2      | Noticed Natasha
  1199 | D:2      | Killed Natasha
  1199 | D:2      | Reached skill level 5 in Unarmed Combat
  1992 | D:4      | Noticed a phantom
  2057 | D:4      | Killed a phantom
  2057 | D:4      | Reached skill level 6 in Unarmed Combat
  2057 | D:4      | Reached XP level 6. HP: 43/54 MP: 6/6
  2370 | D:4      | Found Oshuceb's Food Shoppe.
  2634 | D:4      | Found a staircase to the Ecumenical Temple.
  2645 | Temple   | Entered the Ecumenical Temple
  2688 | Temple   | Became a worshipper of Elyvilon the Healer
  3008 | D:5      | Entered Level 5 of the Dungeon
  3010 | D:5      | Found a deep blue altar of Sif Muna.
  3011 | D:5      | Found a stormy altar of Qazlal.
  3012 | D:5      | Found a snail-covered altar of Cheibriados.
  3018 | D:5      | Found Perafeitz's Armour Boutique.
  3042 | D:5      | Reached skill level 7 in Unarmed Combat
  3086 | D:5      | Found a glowing silver altar of Zin.
  3086 | D:5      | Found a bloodstained altar of Trog.
  3086 | D:5      | Noticed an ice beast
  3103 | D:5      | Killed an ice beast
  3103 | D:5      | Reached XP level 7. HP: 50/61 MP: 7/7
  3202 | D:5      | Reached skill level 8 in Unarmed Combat
  3289 | D:5      | Found a shimmering altar of Xom.
  3290 | D:5      | Found a burning altar of Makhleb.
  3667 | D:6      | Found an opulent altar of Gozag.
  3688 | D:6      | Reached skill level 1 in Fighting
  3688 | D:6      | Reached skill level 9 in Unarmed Combat
  3790 | D:6      | Reached * piety under Elyvilon
  3824 | D:6      | Reached XP level 8. HP: 56/70 MP: 8/8
  3980 | D:6      | Found a hazy altar of Hepliaklqana.
  4252 | D:6      | Found an ornate altar of the Wu Jian Council.
  4517 | D:7      | HP: 2/72 [centaur (4)]
  4641 | D:7      | Noticed Harold
  4655 | D:7      | Killed Harold
  4655 | D:7      | Reached skill level 10 in Unarmed Combat
  4655 | D:7      | Reached XP level 9. HP: 31/83 MP: 9/9
  4845 | D:7      | Reached ** piety under Elyvilon
  4890 | D:7      | Got a translucent bardiche
  5197 | D:7      | Found a sparkling altar of Nemelex Xobeh.
  5308 | D:8      | Found a staircase to the Lair.
  5606 | D:8      | Reached *** piety under Elyvilon
  5757 | D:8      | Reached skill level 11 in Unarmed Combat
  5989 | Lair:1   | Entered Level 1 of the Lair of Beasts
  6320 | Lair:1   | Reached XP level 10. HP: 93/93 MP: 10/10
  6341 | Lair:1   | Reached skill level 5 in Dodging
  6341 | Lair:1   | Reached skill level 1 in Invocations
  6495 | Lair:1   | Reached **** piety under Elyvilon
  6520 | Lair:1   | Reached skill level 5 in Fighting
  6544 | Lair:1   | Noticed a spiny frog
  6552 | Lair:1   | Killed a spiny frog
  6552 | Lair:1   | Reached skill level 12 in Unarmed Combat
  6653 | Lair:1   | Noticed a spiny frog
  6658 | Lair:1   | Killed a spiny frog
  7153 | Lair:2   | Noticed a spiny frog
  7165 | Lair:2   | Killed a spiny frog
  7496 | Lair:2   | Reached XP level 11. HP: 93/103 MP: 13/13
  7789 | Lair:2   | Reached skill level 5 in Invocations
  7974 | Lair:2   | Reached ***** piety under Elyvilon
  8005 | Lair:2   | HP: 5/104 [blink frog (12)]
  8006 | Lair:2   | Elyvilon protects you from harm!
  8008 | Lair:2   | Elyvilon protects you from harm!
  8008 | Lair:2   | Elyvilon protects you from harm!
  8009 | Lair:2   | Elyvilon protects you from harm!
  8022 | Lair:2   | HP: 2/104 [wolf (7)]
  8022 | Lair:2   | Slain by a wolf

Skill      XL: |  1  2  3  4  5  6  7  8  9 10 11 |
---------------+----------------------------------+-----
Unarmed Combat | 1 2 3 4 6 7 9 10 11 12 | 12.8
Fighting       | 1 3 4 5 |  5.8
Dodging        | 2 3 4 5 6 |  6.0
Invocations    | 4 5 |  5.1
Throwing       | |  1.7
Spellcasting   | |  1.0
Hexes          | |  2.0

Action                   |  1- 3 |  4- 6 |  7- 9 | 10-12 || total
-------------------------+-------+-------+-------+-------++-------
Melee: Unarmed           |    92 |   222 |   289 |   169 ||   772
       Punch             |       |     3 |    12 |     5 ||    20
Invok: Divine Protection |       |       |       |     1 ||     1
       Greater Healing   |       |       |       |     1 ||     1
  Use: Scroll            |       |     5 |     3 |     3 ||    11
  Eat: Chunk             |    13 |    19 |    32 |    15 ||    79
       Ration            |       |       |     1 |       ||     1
Armor: Robe              |    45 |    69 |    51 |    18 ||   183
Dodge: Dodged            |    41 |    79 |    83 |    64 ||   267
